 Dungeon Crawl Stone Soup version 0.32-a0-898-g7811c86cf0 (webtiles) character file.

Game seed: 17960542250283216231

3915 DEFE the Cleaver (level 10, -2/70 HPs)
             Began as a Coglin Fighter on Apr 4, 2024.
             Was an Elder of Okawaru.
             Slain by an orc warrior
             ... wielding a +0 dire flail
              (8 damage)
             ... on level 8 of the Dungeon.
             The game lasted 00:07:18 (7606 turns).

DEFE the Cleaver (Coglin Fighter)                   Turns: 7606, Time: 00:07:18

Health: -2/70      AC: 17    Str: 22    XL:     10   Next: 20%
Magic:  15/15      EV:  7    Int:  8    God:    Okawaru [****..]
Gold:   574        SH:  0    Dex: 14    Spells: 9/9 levels left

rFire   . . .        a - +0 war axe {Tiberia}
rCold   . . .        d - +2 hand axe (drain) {Dunstan}
rNeg    . . .        l - +3 chain mail "Kinaiz" {Rampage rPois Str+2 Stlth-}
rPois   +            x - +0 helmet
rElec   .            r - +2 cloak
rCorr   .            (no gloves)
SInv    .            t - +0 pair of boots
Will    +....        (amulet unavailable) Stlth
                     (ring unavailable)
HPRegen 0.31/turn    (ring unavailable)
MPRegen 0.14/turn    (no gizmo)

%: rampage
@: enlightened, flying, slowed, very slow
A: off-hand wielding, slow wielding, warmup strikes, no jewellery
a: Invent Gizmo, Renounce Religion, Heroism, Finesse


You were on level 8 of the Dungeon.
You worshipped Okawaru.
Okawaru was greatly pleased with you.
You visited 2 branches of the dungeon, and saw 10 of its levels.

You collected 588 gold pieces.
You spent 14 gold pieces at shops.

Inventory:

Hand Weapons
 a - a +0 war axe (weapon) {Tiberia}
 d - a +2 hand axe of draining (offhand) {Dunstan}
 y - a +2 whip of flaming
Armour
 l - the +3 chain mail "Kinaiz" (worn) {Rampage rPois Str+2 Stlth-}
   (You found it on level 4 of the Dungeon)

   Str+2:     It affects your strength (+2).
   rPois:     It protects you from poison.
   Rampage:   It bestows one free step when moving towards enemies.
   Stlth-:    It makes you less stealthy.
 n - the +1 leather armour of the Sun {Fly rC+ Regen+ Int+3}
   (You found it on level 2 of the Dungeon)

   Int+3:     It affects your intelligence (+3).
   rC+:       It protects you from cold.
   Fly:       It grants you flight.
   Regen+:    It increases your rate of health regeneration.
 r - a +2 cloak (worn)
 t - a +0 pair of boots (worn)
 x - a +0 helmet (worn)
Wands
 b - a wand of iceblast (14)
 j - a wand of digging (3)
 u - a wand of flame (30)
Scrolls
 f - a scroll of torment {unknown}
 g - a scroll of teleportation
 h - a scroll of silence {unknown}
 k - a scroll of fear {unknown}
 m - 2 scrolls of vulnerability {unknown}
 o - a scroll of summoning {unknown}
 q - 4 scrolls of blinking {unknown}
 s - a scroll of immolation
 v - a scroll of poison
 z - a scroll of noise
Potions
 c - a potion of heal wounds {unknown}
 e - a potion of curing
 i - a potion of might
 p - 2 potions of enlightenment
 w - a potion of lignification {unknown}
 A - a potion of mutation {unknown}
 B - a potion of haste
 C - a potion of ambrosia {unknown}


   Skills:
 - Level 3.0 Fighting
 + Level 11.3 Axes
 - Level 2.6 Armour
 - Level 2.1 Shields
 + Level 7.6 Invocations
 + Level 0.0 Evocations


You had 9 spell levels left.
You didn't know any spells.
Your spell library contained the following spells:

 Spells                   Type           Power      Damage    Failure   Level
 Apportation              Tloc           0%         N/A       96%         1
 Magic Dart               Conj           0%         1d3       96%         1
 Jinxbite                 Hex            0%         N/A       99%         2
 Searing Ray              Conj           0%         2d4       99%         2
 Dazzling Flash           Conj/Hex       0%         N/A       100%        3
 Inner Flame              Hex/Fire       0%         N/A       100%        3
 Fulminant Prism          Conj/Alch      0%         3d5       100%        4
 Alistair's Intoxication  Alch           0%         N/A       100%        5
 Irradiate                Conj/Alch      0%         3d11      100%        5
 Starburst                Conj/Fire      0%         6d3       100%        6
 Ignition                 Fire           0%         3d3       100%        8
 Maxwell's Capacitive Co  Air            0%         ∞         100%        8


Dungeon Overview and Level Annotations

Branches:
Dungeon (9/15)             Temple (1/1) D:4
   Lair: D:8-11         Orc: D:9-12

Altars:
Ashenzari
Cheibriados
Dithmenos
Elyvilon
Fedhas
Gozag
Hepliaklqana
Kikubaaqudgha
Makhleb
Nemelex Xobeh
Okawaru
Qazlal
Ru
Sif Muna
Trog
Uskayaw
Vehumet
Wu Jian
Xom
Yredelemnul
Zin
The Shining One

Shops:
D:4 !

Annotations:
D:7 2 transporters, BelalofOrCorn's ghost, novice OpBr
D:8 2 transporters, Arzdou's ghost, novice MDCA


Innate Abilities, Weirdness & Mutations

You can wield a second weapon in your off-hand.
It takes a long time for you to wield or remove held weapons.
Your first few attacks do less damage.
You cannot equip rings or amulets.


Message History

The orc warrior hits you with a +0 dire flail!
The kobold demonologist begins to cast a cantrip, but forgets the words!
You feel sick. The white imp gestures at you. The puff of frost hits you!
The kobold demonologist gestures wildly while chanting.
You feel sick.
The kobold demonologist casts a spell.
The orc warrior hits you with a +0 dire flail.
* * * LOW HITPOINT WARNING * * *
You feel sick.
You are no longer poisoned.
The kobold demonologist miscasts a cantrip.
There is a stone staircase leading up here.
Unknown command.
The orc warrior hits you with a +0 dire flail!
* * * LOW HITPOINT WARNING * * *
You climb upwards.
Level annotation: 2 transporters, Arzdou's ghost, novice MDCA
There is a stone staircase leading down here.
Unknown command.
Unknown command.
You feel better.
The orc warrior hits you with a +0 dire flail!
* * * LOW HITPOINT WARNING * * *
The kobold hits you but does no damage.
Unknown command.
Okay, then.
Okay, then.
You feel better.
The orc warrior hits you with a +0 dire flail!
* * * LOW HITPOINT WARNING * * *
The kobold hits you but does no damage.
The orc warrior hits you but does no damage.
The kobold hits you but does no damage.
It was a potion of enlightenment.
You feel very buoyant.
You fly up into the air.
The orc warrior hits you with a +0 dire flail!
You die...

.# #.#......^..........###._.###.
####........[.#.#.##÷÷###..#..#.#
..................##.#.#.......##
.#####.....####.#.##.##.........#
.........#.# ###))).#.####.####.
.#########.## ####.######..##..
## ##.#.## #............. #
##>###.#########.########## #
#.## ##..K@o.....# #
##.###.########### # ##.#.## #
##.## ###


You could see an orc warrior and a kobold.

Vanquished Creatures
  A moth of wrath (D:7)
  A komodo dragon (D:8)
  2 wyverns
  A steam dragon (D:7)
  2 water moccasins
  Menkaure (D:5)
  An ice beast (D:7)
  2 black bears
  An ogre (D:7)
  A centaur (D:8)
  A phantom (D:4)
  2 kobold brigands
  5 bullfrogs
  3 scorpions
  A gnoll sergeant (D:8)
  3 wights (D:4)
  4 killer bees (D:6)
  An oklob sapling (D:4)
  4 howler monkeys
  3 bombardier beetles
  A hound (D:4)
  2 jellies
  Crazy Yiuf (D:2)
  3 orc priests
  2 iguanas (D:6)
  Terence (D:2)
  6 orc wizards
  6 gnolls
  3 adders
  A shadow imp (D:5)
  2 ufetubi (D:7)
  2 ribbon worms (D:7)
  6 dart slugs
  29 orcs
  7 bats
  8 endoplasms
  6 giant cockroaches
  11 hobgoblins
  4 jackals (D:1)
  11 kobolds
  3 quokkas
  7 ball pythons
  A frilled lizard (D:1)
  11 goblins
  5 rats
179 creatures vanquished.

Notes
Turn   | Place    | Note
-------+----------+-------------------------------------------
     0 | D:1      | DEFE the Coglin Fighter began the quest for the Orb.
     0 | D:1      | Reached XP level 1. HP: 18/18 MP: 1/1
    93 | D:1      | Reached XP level 2. HP: 22/24 MP: 2/2
   178 | D:1      | Reached skill level 3 in Axes
   242 | D:1      | Reached XP level 3. HP: 29/29 MP: 3/3
  1070 | D:2      | Noticed Terence
  1074 | D:2      | Reached skill level 4 in Axes
  1083 | D:2      | Killed Terence
  1084 | D:2      | Reached XP level 4. HP: 5/30 MP: 4/4
  1435 | D:2      | Identified the +1 leather armour of the Sun {Fly rC+ Regen+
                  | Int+3}
  1491 | D:2      | Reached skill level 5 in Axes
  1663 | D:2      | Reached XP level 5. HP: 40/40 MP: 5/5
  1840 | D:2      | Found a runed translucent door.
  1841 | D:2      | Noticed Crazy Yiuf
  1969 | D:2      | Killed Crazy Yiuf
  2272 | D:3      | Found a faded altar of an unknown god.
  2443 | D:3      | Reached skill level 6 in Axes
  2793 | D:4      | Found a staircase to the Ecumenical Temple.
  2803 | D:4      | HP: 1/41 [oklob sapling/splash of acid (27)]
  2808 | D:4      | Reached XP level 6. HP: 7/47 MP: 6/6
  2857 | Temple   | Entered the Ecumenical Temple
  2871 | Temple   | Became a worshipper of Warmaster Okawaru
  2999 | D:4      | Reached skill level 1 in Invocations
  3008 | D:4      | Reached skill level 7 in Axes
  3008 | D:4      | Reached XP level 7. HP: 33/52 MP: 6/8
  3074 | D:4      | Found a burning altar of Makhleb.
  3115 | D:4      | Found Ezyciudgh's Distillery.
  3119 | D:4      | Bought a potion of degeneration for 14 gold pieces
  3263 | D:4      | Identified the +3 chain mail "Kinaiz" {Rampage rPois Str+2
                  | Stlth-}
  3431 | D:4      | Found a shadowy altar of Dithmenos.
  3431 | D:4      | Found a hazy altar of Hepliaklqana.
  3431 | D:4      | Found an opulent altar of Gozag.
  3431 | D:4      | Found a shimmering blue altar of Sif Muna.
  3432 | D:4      | Found a stormy altar of Qazlal.
  3434 | D:4      | Found a hide-covered altar of Uskayaw.
  3436 | D:4      | Found a sacrificial altar of Ru.
  3490 | D:4      | Reached * piety under Okawaru
  3553 | D:5      | Entered Level 5 of the Dungeon
  3642 | D:5      | Noticed Menkaure
  3645 | D:5      | Killed Menkaure
  3646 | D:5      | Reached skill level 8 in Axes
  3646 | D:5      | Reached XP level 8. HP: 31/58 MP: 7/10
  3841 | D:5      | Found a shimmering altar of Xom.
  3858 | D:5      | Found a basalt altar of Yredelemnul.
  4123 | D:5      | Found an ancient bone altar of Kikubaaqudgha.
  4637 | D:6      | Reached ** piety under Okawaru
  5235 | D:6      | Reached skill level 9 in Axes
  5257 | D:6      | Reached skill level 5 in Invocations
  5318 | D:7      | Reached XP level 9. HP: 60/63 MP: 12/12
  5512 | D:7      | Noticed a moth of wrath
  5646 | D:7      | Found a bloodstained altar of Trog.
  5681 | D:7      | Killed a moth of wrath
  5681 | D:7      | Reached *** piety under Okawaru
  5682 | D:7      | Reached skill level 10 in Axes
  5754 | D:7      | Found a transporter.
  5756 | D:7      | Noticed BelalofOrCorn's ghost (novice OpBr)
  5821 | D:7      | Found a transporter.
  6083 | D:7      | Found a broken altar of Ashenzari.
  6099 | D:7      | Reached **** piety under Okawaru
  6272 | D:8      | Noticed a komodo dragon
  6278 | D:8      | Killed a komodo dragon
  6511 | D:8      | Noticed Arzdou's ghost (novice MDCA)
  6548 | D:8      | Reached XP level 10. HP: 68/70 MP: 15/15
  6578 | D:8      | Reached skill level 11 in Axes
  7168 | D:8      | Found a transporter.
  7213 | D:8      | Found a transporter.
  7246 | D:8      | Found a shimmering altar of Xom.
  7592 | D:9      | Noticed a kobold demonologist
  7592 | D:9      | Noticed a kobold demonologist
  7606 | D:8      | Slain by an orc warrior

Illustrated notes

Levels and vault maps discovered:
D:1:      reono_arrival_mine, layout_basic
D:2:      layout_loops_ring, uniq_terence, uniq_crazy_yiuf_cottage
D:3:      layout_loops_ring, ebering_ecumenical_altar_box
D:4:      layout_loops_ring, minitemple, minmay_temple_entry_oklob,
          serial_shops, shop, hex_medium, grunt_decor_fettered
D:5:      layout_loops_ring, general_overflow_altar,
          mainiacjoe_overflow_big_doors, serial_aquarium,
          aquarium_bridge_long_separate [aquarium_subvault_bridge,
          aquarium_subvault_balcony, aquarium_subvault_bridge,
          aquarium_subvault_bridge, aquarium_subvault_wall,
          aquarium_subvault_bridge], aquarium_bridge_square
          [aquarium_subvault_wall, aquarium_subvault_balcony,
          aquarium_subvault_window, aquarium_subvault_bridge],
          aquarium_window_corner, aquarium_window_corridor_3,
          aquarium_window_corner, aquarium_window_1, aquarium_view_2c,
          aquarium_pool_2, uniq_menkaure
D:6:      layout_gridville, hangedman_decor_clover_reticule
D:7:      layout_gridville, evilmike_ruin_ashenzari, tgw_trog,
          gammafunk_ghost_arena, due_unseen_surprise
D:8:      layout_loops_ring, gammafunk_ghost_stat_death, minmay_ruined_shrine
D:9:      layout_grid_maze, serial_shops, shop
Temple:   dpeg_three_leaves_temple

Skill      XL: |  1  2  3  4  5  6  7  8  9 10 |
---------------+-------------------------------+-----
Axes           | 3 4 5 6 7 8 9 10 11 | 11.3
Invocations    | 1 3 5 7 |  7.6
Fighting       | |  3.0
Armour         | |  2.6
Shields        | |  2.1

Action                     |  1- 3 |  4- 6 |  7- 9 | 10-12 || total
---------------------------+-------+-------+-------+-------++-------
  Melee: War axe           |   103 |    85 |   130 |    38 ||   356
         Hand axe          |       |    79 |   138 |    37 ||   254
 Invoke: Heroism           |       |       |     2 |       ||     2
  Evoke: Wand              |       |       |     2 |     1 ||     3
    Use: Potion            |     1 |     2 |       |     4 ||     7
         Scroll            |       |       |     5 |     1 ||     6
   Stab: Sleeping          |       |     1 |       |       ||     1
 Armour: Scale mail        |    84 |       |       |       ||    84
         Chain mail        |       |    14 |    98 |    48 ||   160
         Leather armour    |       |    43 |    12 |       ||    55
  Dodge: Dodged            |    57 |    44 |    59 |    18 ||   178
  Block: Buckler           |    22 |       |       |       ||    22

Table legend: (Time is in decaauts)
 A = Elapsed time spent in this place.
 B = Non-inter-level travel time spent in this place.
 C = Inter-level travel time spent in this place.
 D = Time resting spent in this place.
 E = Time spent auto-exploring this place.
 F = Levels seen in this place.
 G = Mean time per level.
                   A        B        C        D        E       F      G
               +--------+--------+--------+--------+--------+-----+--------+
         Total |   7675 |   7381 |    294 |   1208 |   5008 |  10 |  767.5 |
       Dungeon |   7648 |   7365 |    283 |   1208 |   5008 |   9 |  849.8 |
        Temple |     26 |     15 |     11 |      0 |      0 |   1 |   26.0 |
               +--------+--------+--------+--------+--------+-----+--------+

Top non-repeatable levels by time:
     D:8: 1342 daAuts
     D:1: 1079 daAuts
     D:2: 1020 daAuts
     D:7: 923 daAuts
     D:5: 896 daAuts
     D:6: 858 daAuts
     D:4: 820 daAuts
     D:3: 685 daAuts
  Temple: 26 daAuts
     D:9: 22 daAuts
